 Dungeon Crawl Stone Soup version 0.25-a0-420-g1cc7eeb0d1 (webtiles) character file.

Game seed: 9862936797779912371, levelgen mode: deterministic

83 Kohma the Shield-Bearer (level 4, -3/40 HPs)
             Began as a Minotaur Fighter on Jan 19, 2020.
             Killed from afar by Jessica (6 damage)
             ... with a puff of flame
             ... on level 1 of the Dungeon.
             The game lasted 00:01:57 (791 turns).

Kohma the Shield-Bearer (Minotaur Fighter)           Turns: 791, Time: 00:01:57

Health: -3/40      AC:  7    Str: 27    XL:     4   Next: 22%
Magic:  3/3        EV:  8    Int:  5    God:
Gold:   33         SH: 10    Dex:  9    Spells: 3/3 levels left

rFire    . . .     SeeInvis .   a - +0 long sword
rCold    . . .     Gourm    .   c - +0 shield
rNeg     . . .     Faith    .   b - +0 scale mail
rPois    .         Spirit   .   (helmet restricted)
rElec    .         Reflect  .   (no cloak)
rCorr    .         Harm     .   (no gloves)
MR       .....                  (no boots)
Stlth    ..........             (no amulet)
HPRegen  0.13/turn              (no ring)
MPRegen  0.08/turn              (no ring)

@: mighty, slowed, very slow
A: retaliatory headbutt, horns 2
a: no special abilities


You were on level 1 of the Dungeon.
You were not hungry.

You visited 1 branch of the dungeon, and saw 2 of its levels.

You collected 33 gold pieces.

Inventory:

Hand Weapons
 a - a +0 long sword (weapon)
Armour
 b - a +0 scale mail (worn)
 c - a +0 shield (worn)
Scrolls
 e - 2 scrolls of identify {unknown}
 h - a scroll of amnesia {unknown}
 i - a scroll of immolation {unknown}
 j - 2 scrolls of blinking {unknown}
Potions
 g - a potion of resistance {unknown}
 k - a potion of ambrosia {unknown}
 l - a potion of flight {unknown}
Comestibles
 f - 2 rations


   Skills:
 + Level 4.1 Fighting
 * Level 3.8 Long Blades
 + Level 4.2 Armour
 * Level 4.5 Shields


You had 3 spell levels left.
You didn't know any spells.
Your spell library was empty.

Dungeon Overview and Level Annotations

Branches:
Dungeon (2/15)

Altars:

Annotations:
D:1 Jessica


Innate Abilities, Weirdness & Mutations

You reflexively headbutt those who attack you in melee.
You have a pair of horns on your head.


Message History

You barely miss Jessica. Your headbutt misses Jessica.
Jessica closely misses you.
Jessica zaps a wand.
The puff of flame hits you.
* * * LOW HITPOINT WARNING * * *
You hit Jessica. Your headbutt misses Jessica.
Jessica is severely wounded.
Jessica is no longer moving quickly.
Jessica hits you but does no damage.
Jessica zaps a wand.
The puff of flame hits you.
* * * LOW HITPOINT WARNING * * *
Jessica mumbles some strange words.
Jessica blinks!
Jessica gestures wildly while chanting.
Jessica seems to speed up.
You feel very mighty all of a sudden.
Jessica zaps a wand.
The puff of flame misses you.
Jessica gestures wildly.
Jessica gestures wildly while chanting.
Jessica blinks!
Jessica zaps a wand.
You block the puff of flame.
Jessica zaps a wand.
The puff of flame hits you.
You die...

# #.##.####.# #
#.##.# #.# # #....#
#.# # ###### #.#
#############.####
................>#
#############.##.# #
#.##.#
#############...@###
................@..#
#############..#.#.#
#................#
#.#...(..........#
###.#.###..........#
........#...####.#.#
.##.#...#........#.##
........#....#####..#


You could see Jessica.

Vanquished Creatures
  Natasha (D:2)
  An adder (D:2)
  A worm (D:2)
  A dart slug (D:1)
  3 leopard geckos (D:1)
  2 giant cockroaches (D:1)
  7 goblins
  2 hobgoblins
  6 jackals (D:1)
  A ball python (D:1)
  3 bats
  A frilled lizard (D:1)
  4 kobolds
  5 rats
38 creatures vanquished.

Notes
Turn   | Place    | Note
-------+----------+-------------------------------------------
     0 | D:1      | Kohma the Minotaur Fighter began the quest for the Orb.
     0 | D:1      | Reached XP level 1. HP: 19/19 MP: 0/0
    62 | D:1      | Reached XP level 2. HP: 25/27 MP: 1/1
   364 | D:1      | Reached XP level 3. HP: 33/33 MP: 2/2
   759 | D:2      | Noticed Jessica
   759 | D:2      | Noticed Natasha
   781 | D:2      | Killed Natasha
   781 | D:2      | Reached XP level 4. HP: 23/40 MP: 3/3
   791 | D:1      | Killed from afar by Jessica

Levels and vault maps discovered:
D:1:      dpeg_arrival_shrine, layout_basic
D:2:      layout_basic, kennysheep_slug_shrine, lemuel_crystal_altar,
          first_ration, minmay_misc_feat_pillars, minmay_cupped, uniq_jessica,
          uniq_crazy_yiuf_cottage, uniq_natasha

Skill      XL: |  1  2  3 |
---------------+----------+-----
Shields        | 4 |  4.5
Long Blades    | 3 |  3.8
Armour         | 4 |  4.2
Fighting       | 4 |  4.1

Action                   |  1- 3 |  4- 6 || total
-------------------------+-------+-------++-------
Melee: Long sword        |    89 |     3 ||    92
       Headbutt          |    12 |     1 ||    13
  Use: Potion            |       |     1 ||     1
Armor: Scale mail        |    49 |     1 ||    50
Dodge: Dodged            |    28 |     3 ||    31
Block: Shield            |    56 |     3 ||    59
       Rpst.: Long sword |     9 |       ||     9

Table legend:
 A = Non-vault XP
 B = Vault XP
 C = Vault XP percentage of total XP
 D = Non-vault monster count
 E = Vault monster count
 F = Vault count percentage of total count
                 A         B        C        D         E       F
            +---------+---------+-------+---------+---------+-------
      Total |      82 |      37 |  31.1 |      37 |       1 |   2.6
            +---------+---------+-------+---------+---------+-------
        D:1 |      53 |       0 |   0.0 |      29 |       0 |   0.0
        D:2 |      29 |      37 |  56.1 |       8 |       1 |  11.1
            +---------+---------+-------+---------+---------+-------
